 Seeded DCSS version 0.28.0-53-g5a82cb258f (webtiles) character file.

Game seed: 9403513121866162502 (custom seed)

35 hikkokomori the Bolt Thrower (level 3, -4/28 HPs)
             Began as a Formicid Hunter on Oct 23, 2022.
             Slain by a gnoll
             ... wielding a +0 flail
              (8 damage)
             ... on level 2 of the Dungeon.
             The game lasted 00:01:37 (419 turns).

hikkokomori the Bolt Thrower (Formicid Hunter)       Turns: 419, Time: 00:01:38

Health: -4/28      AC:  3    Str: 16    XL:     3   Next: 55%
Magic:  3/3        EV: 12    Int: 10    God:
Gold:   6          SH:  0    Dex: 13    Spells: 2/2 levels left

rFire   . . .      SeeInvis +   b - +0 short sword
rCold   . . .      Faith    .   (no shield)
rNeg    . . .      Spirit   .   c - +0 leather armour
rPois   .          Reflect  .   (helmet unavailable)
rElec   .          Harm     .   (no cloak)
rCorr   .          Rampage  .   (no gloves)
Will    .....                   (no boots)
Stlth   ++........              (no amulet)
HPRegen 0.09/turn               (no ring)
MPRegen 0.08/turn               (no ring)

@: no status effects
A: permanent stasis, dig shafts and tunnels, antennae 3, four strong arms
a: Dig, Shaft Self


You were on level 2 of the Dungeon.
You visited 1 branch of the dungeon, and saw 2 of its levels.

You collected 6 gold pieces.

Inventory:

Hand Weapons
 a - a +1 hand crossbow
 b - a +0 short sword (weapon)
Missiles
 d - 18 bolts
Armour
 c - a +0 leather armour (worn)
Scrolls
 f - a scroll of identify {unknown}
Potions
 e - a potion of might {unknown}


   Skills:
 + Level 2.7 Fighting
 + Level 4.3 Crossbows
 + Level 2.2 Dodging
 + Level 2.3 Stealth


You had 2 spell levels left.
You didn't know any spells.
Your spell library contained the following spells:

 Spells                   Type           Power      Damage    Failure   Level
 Lesser Beckoning         Tloc           0%         N/A       80%         3
 Manifold Assault         Tloc           0%         N/A       100%        5
 Blink                    Tloc           Unusable   N/A       N/A         2

Dungeon Overview and Level Annotations

Branches:
Dungeon (1/15)

Altars:

Shops:
D:1 !


Innate Abilities, Weirdness & Mutations

You cannot be hasted, slowed, berserked, paralysed or teleported.
You can dig through walls and to a lower floor.
You have a pair of large antennae on your head. (SInv)
Your four strong arms can wield two-handed weapons with a shield.


Message History

You are too injured to fight recklessly!
You are too injured to fight recklessly!
You are too injured to fight recklessly!
You are too injured to fight recklessly!
You are too injured to fight recklessly!
You are too injured to fight recklessly!
You are too injured to fight recklessly!
You are too injured to fight recklessly!
You are too injured to fight recklessly!
You are too injured to fight recklessly!
You are too injured to fight recklessly!
You are too injured to fight recklessly!
You are too injured to fight recklessly!
You are too injured to fight recklessly!
You are too injured to fight recklessly!
You are too injured to fight recklessly!
You are too injured to fight recklessly!
You are too injured to fight recklessly!
You are too injured to fight recklessly!
You are too injured to fight recklessly!
You are too injured to fight recklessly!
You are too injured to fight recklessly!
You are too injured to fight recklessly!
You are too injured to fight recklessly!
You are too injured to fight recklessly!
Unknown command.
You are too injured to fight recklessly!
Unknown command.
You are too injured to fight recklessly!
Unknown command.
You are too injured to fight recklessly!
Unknown command.
You are too injured to fight recklessly!
Unknown command.
You are too injured to fight recklessly!
Unknown command.
You hit the gnoll.
The gnoll is moderately wounded.
The gnoll hits you with a +0 flail!
You die...

# ### ####.## ..#
#.g...### #.#
##########@g.....>
#.#####.......(Kgg...###
........########.g...#
#.####### #.....# #.#
#.....# ..# #.....#
##### #.....# ....#
#.....# ###.# ......


You could see 4 gnolls, a goblin and a kobold.

Vanquished Creatures
  2 adders (D:2)
  A worm (D:2)
  3 endoplasms
  A giant cockroach (D:1)
  A goblin (D:1)
  A hobgoblin (D:1)
  3 jackals (D:1)
  A frilled lizard (D:1)
  A rat (D:1)
14 creatures vanquished.

Notes
Turn   | Place    | Note
-------+----------+-------------------------------------------
     0 | D:1      | hikkokomori the Formicid Hunter began the quest for the
                  | Orb.
     0 | D:1      | Reached XP level 1. HP: 16/16 MP: 1/1
    37 | D:1      | Reached XP level 2. HP: 23/23 MP: 2/2
   235 | D:1      | Found Wirodosm's Distillery.
   243 | D:1      | You fall into a shaft and drop 1 floor!
   247 | D:2      | Reached XP level 3. HP: 25/27 MP: 3/3
   419 | D:2      | Slain by a gnoll

Illustrated notes

Levels and vault maps discovered:
D:1:      roderic_dead_forest, layout_basic, serial_shops, shop
D:2:      layout_loops_cross, minmay_split_cup_large

Skill      XL: |  1  2 |
---------------+-------+-----
Dodging        | 2 |  2.2
Stealth        | 2 |  2.3
Fighting       | |  2.7
Crossbows      | |  4.3

Action                   || total
-------------------------++-------
Melee: Short sword       ||    12
 Fire: Hand crossbow     ||    23
 Abil: Dig               ||     1
Armor: Leather armour    ||     7
Dodge: Dodged            ||    24
